 Dungeon Crawl Stone Soup version 0.22-a0-392-g5dc3fd9 (webtiles) character file.

303 nbozo the Shield-Bearer (level 6, -11/53 HPs)
             Began as a Hill Orc Fighter on May 1, 2018.
             Killed themself with a badly aimed iceblast (13 damage)
             ... on level 2 of the Dungeon.
             The game lasted 00:54:07 (4056 turns).

nbozo the Shield-Bearer (Hill Orc Fighter)          Turns: 4056, Time: 00:54:07

Health: -11/53     AC:  8    Str: 18 (20) XL:     6   Next: 38%
Magic:  5/5        EV:  7    Int:  7 (8)  God:
Gold:   222        SH:  9    Dex: 10 (11) Spells: 5/5 levels left

rFire    + . .     SeeInvis .   a - +0 rapier
rCold    + . .     Gourm    .   c - +0 shield
rNeg     . . .     Faith    .   h - +1 scale mail {rC+}
rPois    .         Spirit   .   (no helmet)
rElec    .         Reflect  .   (no cloak)
rCorr    .         Harm     .   (no gloves)
MR       +....                  (no boots)
Stlth    ..........             q - amulet of the acrobat
HPRegen  0.17/turn              e - ring of protection from magic
MPRegen  0.09/turn              (no ring)

@: lethally poisoned (-11 -> -12)
A: deterioration 1, fire resistance 1, low mp 1
a: no special abilities


You were on level 2 of the Dungeon.
You were not hungry.

You visited 1 branch of the dungeon, and saw 5 of its levels.

You collected 222 gold pieces.

Inventory:

Hand Weapons
 a - a +0 rapier (weapon)
 l - a +0 hunting sling
 r - a +0 morningstar
Missiles
 b - 18 sling bullets
 d - 31 stones (quivered)
 f - 28 poisoned needles
Armour
 c - a +0 shield (worn)
 h - a +1 scale mail of cold resistance (worn)
 i - a +0 pair of boots
Jewellery
 e - a ring of protection from magic (left hand)
 m - an uncursed amulet of faith
 q - an amulet of the acrobat (around neck)
Wands
 o - a wand of iceblast (14)
Scrolls
 j - a scroll of amnesia
Comestibles
 g - 6 chunks of flesh
 n - a ration


   Skills:
 + Level 4.5 Fighting
 + Level 3.0 Short Blades
 + Level 2.1 Maces & Flails
 + Level 0.2 Slings
 + Level 4.4 Armour
 + Level 0.8 Dodging
 + Level 0.3 Stealth
 + Level 4.9 Shields
 + Level 0.5 Evocations


You had 5 spell levels left.
You didn't know any spells.

Dungeon Overview and Level Annotations

Branches:
Dungeon (5/15)
 Temple: D:4-7

Altars:
Sif Muna
Uskayaw

Annotations:
D:2 Natasha
D:3 mortelune's ghost, amateur HOGl


Innate Abilities, Weirdness & Mutations

Your body sometimes deteriorates upon taking damage.
Your flesh is heat resistant. (rF+)
Your magical capacity is low. (-10% MP)


Message History

You feel sick.
There is a stone staircase leading down here.
* * * LOW HITPOINT WARNING * * *
You feel sick.
Natasha mewls in sadness.
Natasha closely misses you.
Some of the chunks of flesh in your inventory have rotted away.
* * * LOW HITPOINT WARNING * * *
You feel sick.
Evoke which item? (* to show all) (? for menu, Esc to quit)
Aiming: Iceblast
Press: ? - help, Shift-Dir - straight line, f - Natasha
Aim: Natasha (moderately wounded) That beam is likely to hit you.
Continue anyway?
Uppercase [Y]es or [N]o only, please.
That beam is likely to hit you.
Continue anyway?
The mass of ice explodes!
The iceblast engulfs Natasha.
Natasha is severely wounded.
The iceblast engulfs you! You partially resist.
You die...

.####.# ...##.#
...##.#
...##.########
.......>.....#
...###..####.#####
...###..# #.....#
.#.[....########h#
###.......# #@#
#.......# #.#
#.......# #.#
#.......# #.#
#.......######.#
#...>..........#
#........#####.#
########)#####.#
#.##....#


You could see Natasha.

Vanquished Creatures
  An orc priest (D:4)
  A hound (D:4)
  An orc wizard (D:4)
  Terence (D:2)
  Natasha (D:2)
  A worker ant (D:2)
  8 adders
  2 dart slugs (D:1)
  3 leopard geckos
  9 orcs
  3 bats (D:1)
  6 giant cockroaches
  4 hobgoblins
  2 jackals (D:1)
  6 kobolds
  4 frilled lizards
  5 goblins
  3 rats
61 creatures vanquished.

Notes
Turn   | Place    | Note
-------+----------+-------------------------------------------
     0 | D:1      | nbozo the Hill Orc Fighter began the quest for the Orb.
     0 | D:1      | Reached XP level 1. HP: 19/19 MP: 1/1
   529 | D:1      | Reached XP level 2. HP: 27/27 MP: 2/2
   846 | D:1      | Reached XP level 3. HP: 33/33 MP: 3/3
  1162 | D:2      | Noticed Terence
  1181 | D:2      | Killed Terence
  1354 | D:3      | Reached XP level 4. HP: 35/40 MP: 4/4
  2204 | D:3      | Found a deep blue altar of Sif Muna.
  2204 | D:3      | Found a hide-covered altar of Uskayaw.
  2240 | D:3      | Noticed mortelune's ghost (amateur HOGl)
  2673 | D:4      | Gained mutation: Your magical capacity is low. (-10% MP) [potion of mutation]
  2673 | D:4      | Gained mutation: Your body sometimes deteriorates upon taking damage. [potion of mutation]
  2673 | D:4      | Gained mutation: Your flesh is heat resistant. (rF+) [potion of mutation]
  2708 | D:4      | Reached XP level 5. HP: 40/47 MP: 4/4
  2833 | D:4      | Reached skill level 1 in Maces & Flails
  3761 | D:5      | Entered Level 5 of the Dungeon
  3812 | D:2      | Reached XP level 6. HP: 48/53 MP: 5/5
  3964 | D:2      | Noticed Natasha
  3979 | D:2      | Killed Natasha
  4007 | D:2      | Noticed Natasha
  4045 | D:2      | HP: 2/53 [poisoned by a worker ant]
  4053 | D:2      | HP: 1/53 [poisoned by a worker ant]
  4056 | D:2      | Killed themself with a badly aimed iceblast

Vault maps used:
D:1:      wheals_arrival_linesprint
D:2:      uniq_terence, uniq_natasha
D:3:      gammafunk_temple_overflow_pools
D:4:      first_ration, minivault_23
D:5:      minmay_temple_entry_statues_pillars, uniq_prince_ribbit1, uniq_sigmund

Skill      XL: |  1  2  3  4  5  6 |
---------------+-------------------+-----
Fighting       | 4 |  4.5
Armour         | 4 |  4.4
Shields        | 4 |  4.9
Maces & Flails | 2 |  2.1
Short Blades   | 3 |  3.0
Slings         | |  0.2
Dodging        | |  0.8
Stealth        | |  0.3
Evocations     | |  0.5

Action                   |  1- 3 |  4- 6 || total
-------------------------+-------+-------++-------
Melee: Rapier            |    94 |   107 ||   201
       Flail             |    17 |   176 ||   193
       Morningstar       |       |     2 ||     2
 Fire: Hunting sling     |       |     4 ||     4
Throw: Stone             |     1 |       ||     1
Evoke: Wand              |       |     2 ||     2
  Use: Potion            |     3 |     7 ||    10
       Scroll            |     3 |     6 ||     9
  Eat: Ration            |     1 |     2 ||     3
       Chunk             |       |     1 ||     1
Armor: Scale mail        |    38 |   118 ||   156
Dodge: Dodged            |    33 |    68 ||   101
Block: Shield            |    47 |   141 ||   188

Table legend:
 A = Spawn XP
 B = Non-spawn XP
 C = Spawn XP percentage of total XP
 D = Spawn monster count
 E = Non-spawn monster count
 F = Spawn count percentage of total count
 G = Total turns spent on level
                    A         B        C        D         E        F      G
               +---------+---------+-------+---------+---------+-------+---------
         Total |       0 |     433 |   0.0 |       0 |      61 |   0.0 |  4056
               +---------+---------+-------+---------+---------+-------+---------
           D:1 |       0 |      38 |   0.0 |       0 |      19 |   0.0 |  1162
           D:2 |       0 |     159 |   0.0 |       0 |      14 |   0.0 |   460
           D:3 |       0 |      76 |   0.0 |       0 |      18 |   0.0 |  1373
           D:4 |       0 |     160 |   0.0 |       0 |      10 |   0.0 |  1059
               +---------+---------+-------+---------+---------+-------+---------
